 Dungeon Crawl Stone Soup version 0.24.0-3-g28a8eb0610 (webtiles) character file.

Game seed: 7820261176783080275, levelgen mode: deterministic

5971 Curus the Severer (level 10, -6/77 HPs)
             Began as a Minotaur Berserker on Nov 1, 2019.
             Was an Elder of Trog.
             Killed by divine providence
             ... invoked by a meliai
              (12 damage)
             ... on level 9 of the Dungeon.
             The game lasted 00:31:18 (6471 turns).

Curus the Severer (Minotaur Berserker)              Turns: 6471, Time: 00:31:20

Health: -6/77      AC: 16    Str: 22    XL:     10   Next: 55%
Magic:  9/9        EV:  6    Int:  9    God:    Trog [****..]
Gold:   374        SH:  8    Dex: 12    Spells: 9/9 levels left

rFire    + + .     SeeInvis .   A - +4 war axe
rCold    + . .     Gourm    .   t - +0 buckler
rNeg     . . .     Faith    .   w - +0 plate armour
rPois    .         Spirit   .   (helmet restricted)
rElec    .         Reflect  +   B - scarf {rC+ rF+}
rCorr    .         Harm     .   j - +1 pair of gloves
MR       +....                  m - +0 pair of boots
Stlth    ..........             C - +5 amulet of reflection
HPRegen  0.22/turn              o - ring of protection from magic
MPRegen  0.11/turn              (no ring)

@: lethally poisoned (-6 -> -17), berserk cooldown, starving, slowed, very slow
A: retaliatory headbutt, horns 2, agile 1, clever 1, fire resistance 1, frail 1
a: Berserk, Trog's Hand, Brothers in Arms, Renounce Religion


You were on level 9 of the Dungeon.
You worshipped Trog.
Trog was greatly pleased with you.
You were starving.

You visited 1 branch of the dungeon, and saw 9 of its levels.

You collected 374 gold pieces.

Inventory:

Hand Weapons
 a - a +0 hand axe
 u - a +0 war axe
 z - a +1 hand axe of flaming
 A - a +4 war axe (weapon)
Armour
 b - a +0 animal skin
 d - a +2 scale mail of cold resistance
 j - a +1 pair of gloves (worn)
 m - a +0 pair of boots (worn)
 q - a +0 cloak
 t - a +0 buckler (worn)
 w - a +0 plate armour (worn)
 B - a scarf of resistance (worn)
Jewellery
 g - an uncursed amulet of inaccuracy
 i - an uncursed ring of fire
 l - an uncursed ring of fire
 o - a ring of protection from magic (left hand)
 C - a +5 amulet of reflection (around neck)
Wands
 y - a wand of acid (7)
Scrolls
 e - 5 scrolls of teleportation
 h - 7 scrolls of identify
 k - 2 scrolls of fog
 r - a scroll of blinking
 s - 3 scrolls of remove curse
Potions
 f - a potion of flight
 n - 3 potions of curing
 v - a potion of brilliance
 x - 2 potions of haste
Comestibles
 c - 16 rations


   Skills:
 + Level 7.1 Fighting
 - Level 16.2 Axes
 + Level 6.5 Armour
 - Level 2.1 Dodging


You had 9 spell levels left.
You didn't know any spells.
Your spell library was empty.

Dungeon Overview and Level Annotations

Branches:
Dungeon (9/15)             Temple (0/1) D:7
   Lair: D:8-11         Orc: D:9-12

Altars:
Ashenzari
Cheibriados
Dithmenos
Elyvilon
Fedhas
Gozag
Sif Muna
Trog
Wu Jian

Shops:
D:5 (   D:7 (


Innate Abilities, Weirdness & Mutations

You reflexively headbutt those who attack you in melee.
You have a pair of horns on your head.
You are agile. (Dex +2)
Your mind is acute. (Int +2)
Your flesh is heat resistant. (rF+)
You are frail. (-10% HP)


Message History

The meliai closely misses you. The meliai stings you!
* * * LOW HITPOINT WARNING * * *
You slice the meliai!!
The meliai is almost dead.
The meliai hits you with a +1 war axe of flaming.
* * * LOW HITPOINT WARNING * * *
The meliai stings you.
* * * LOW HITPOINT WARNING * * *
You are lethally poisoned!
The meliai poisons you!
The meliai hits you with a +1 war axe of flaming.
* * * LOW HITPOINT WARNING * * *
You block the meliai's attack.
Your ogre goes berserk!
You are starving!
* * * LOW HITPOINT WARNING * * *
You feel sick.
The meliai mumbles some strange prayers to its god against you.
Something smites you!
You die...

......≈≈≈...♣...≈≈≈...♣
.....≈≈≈≈≈.....≈≈≈≈≈...
....≈≈♣≈≈.....≈≈_≈≈...
#..≈≈≈≈≈.....≈≈≈≈≈... .
#...≈≈≈.).♣...≈≈≈...♣
..###.......♣♣♣.......♣♣
...........♣♣ ♣♣.....♣♣
........)†♣♣ ♣♣♣.♣♣♣
.......@)O# ♣♣♣
.......y..# ...........#
## ............. ...
........#...... ...#.
.......###...## .....
......# #..# .....
.....# #.# ..... .....


You could see a meliai and a friendly ogre (berserk).

Vanquished Creatures
  A hydra (D:8)
  A two-headed ogre (D:9)
  Pikel (D:8)
  The ghost of Mrkan the Skirmisher, a novice TrMo of Nemelex Xobeh (D:5)
  2 meliai (D:9)
  A troll (D:9)
  2 dream sheep (D:8)
  2 yaks (D:8)
  Menkaure (D:5)
  Edmund (D:4)
  A sky beast (D:6)
  2 orc warriors
  An ice beast (D:8)
  A phantom (D:4)
  A slave (D:8)
  2 ogres (D:8)
  A centaur (D:7)
  3 big kobolds (D:8)
  2 bullfrogs
  3 scorpions
  4 wights (D:9)
  2 howler monkeys
  A crimson imp (D:5)
  A bullfrog zombie (D:7)
  3 hounds
  A jelly (D:6)
  An orc priest (D:7)
  2 centaur skeletons
  2 orc wizards (D:6)
  2 bullfrog skeletons
  5 iguanas (D:6)
  2 worker ants
  A killer bee zombie (D:8)
  A hound zombie (D:8)
  2 worker ant zombies
  12 adders
  2 howler monkey skeletons
  2 shadow imps
  An adder zombie (D:5)
  2 oozes
  2 adder skeletons (D:5)
  4 worms
  A dart slug (D:1)
  4 leopard geckos
  9 orcs
  8 bats
  9 giant cockroaches
  6 goblins
  7 hobgoblins
  3 jackals (D:5)
  8 kobolds
  6 quokkas
  2 ball pythons
  4 frilled lizards
  A jackal zombie (D:7)
  A quokka skeleton (D:4)
  A quokka zombie (D:8)
  14 rats
169 creatures vanquished.

Notes
Turn   | Place    | Note
-------+----------+-------------------------------------------
     0 | D:1      | Curus the Minotaur Berserker began the quest for the Orb.
     0 | D:1      | Reached XP level 1. HP: 19/19 MP: 0/0
    46 | D:1      | Reached skill level 4 in Axes
   179 | D:1      | Reached XP level 2. HP: 26/26 MP: 1/1
   596 | D:1      | Reached skill level 5 in Axes
   629 | D:1      | Reached XP level 3. HP: 31/31 MP: 2/2
   876 | D:2      | Reached ** piety under Trog
  1006 | D:2      | Reached skill level 6 in Axes
  1006 | D:2      | Reached XP level 4. HP: 29/39 MP: 3/3
  1601 | D:3      | Reached *** piety under Trog
  1882 | D:4      | Reached skill level 7 in Axes
  1882 | D:4      | Reached XP level 5. HP: 37/45 MP: 4/4
  1895 | D:4      | Noticed a phantom
  1978 | D:4      | Killed a phantom
  2040 | D:4      | Reached skill level 8 in Axes
  2040 | D:4      | Reached XP level 6. HP: 43/51 MP: 5/5
  2281 | D:4      | Found a shadowy altar of Dithmenos.
  2281 | D:4      | Found a snail-covered altar of Cheibriados.
  2286 | D:4      | Found an ornate altar of the Wu Jian Council.
  2288 | D:4      | Found a shattered altar of Ashenzari.
  2289 | D:4      | Found an opulent altar of Gozag.
  2527 | D:4      | Noticed Edmund
  2546 | D:4      | Killed Edmund
  2546 | D:4      | Reached skill level 9 in Axes
  2779 | D:5      | Entered Level 5 of the Dungeon
  2901 | D:5      | Noticed Mrkan's ghost (novice TrMo)
  2903 | D:5      | Found a transporter.
  2907 | D:5      | Found a transporter.
  2953 | D:5      | Reached XP level 7. HP: 57/57 MP: 6/6
  2959 | D:5      | Found Ihe Tuha's Weapon Emporium.
  2968 | D:5      | You fall into a shaft and drop 3 floors!
  3020 | D:8      | Reached skill level 10 in Axes
  3026 | D:8      | Found a blossoming altar of Fedhas.
  3354 | D:6      | Reached skill level 11 in Axes
  3468 | D:6      | Reached **** piety under Trog
  3834 | D:5      | Reached XP level 8. HP: 62/64 MP: 7/7
  3853 | D:5      | Noticed Menkaure
  3862 | D:5      | Killed Menkaure
  3863 | D:5      | Found a shimmering blue altar of Sif Muna.
  4518 | D:5      | Killed Mrkan's ghost
  4518 | D:5      | Reached skill level 12 in Axes
  4576 | D:6      | Reached skill level 13 in Axes
  4850 | D:6      | Found a bloodstained altar of Trog.
  5266 | D:7      | Reached XP level 9. HP: 47/70 MP: 8/8
  5337 | D:7      | Reached skill level 14 in Axes
  5580 | D:7      | Found a staircase to the Ecumenical Temple.
  5639 | D:7      | Found Gocoan's Weapon Shop.
  5960 | D:8      | Reached skill level 15 in Axes
  5999 | D:8      | Noticed a two-headed hydra
  6005 | D:8      | Killed a one-headed hydra
  6005 | D:8      | Reached skill level 16 in Axes
  6144 | D:8      | Gained mutation: You are frail. (-10% HP) [potion of
                  | mutation]
  6144 | D:8      | Gained mutation: You are agile. (Dex +2) [potion of
                  | mutation]
  6144 | D:8      | Gained mutation: Your mind is acute. (Int +2) [potion of
                  | mutation]
  6144 | D:8      | Gained mutation: Your flesh is heat resistant. (rF+)
                  | [potion of mutation]
  6162 | D:8      | Found an opulent altar of Gozag.
  6164 | D:8      | Reached XP level 10. HP: 70/70 MP: 9/9
  6319 | D:8      | Noticed Pikel
  6334 | D:8      | Killed Pikel
  6370 | D:8      | Reached skill level 5 in Fighting
  6433 | D:9      | Found a white marble altar of Elyvilon.
  6445 | D:9      | Noticed a two-headed ogre
  6455 | D:9      | Killed a two-headed ogre
  6455 | D:9      | Reached skill level 5 in Armour
  6471 | D:9      | Killed from afar by a meliai

Levels and vault maps discovered:
D:1:      saegor_arrival_simple_d, layout_loops_corners
D:2:      layout_rooms, first_ration
D:3:      layout_basic
D:4:      layout_loops_ring, chequers_temple_overflow_minitemple, uniq_edmund
D:5:      layout_layer_cave, nicolae_overflow_crystal_walls, serial_shops,
          shop_statue, gammafunk_ghost_mausoleum, uniq_menkaure
D:6:      layout_rooms, trog_butcher_becter
D:7:      layout_loops_ring, temple_hall, serial_shops,
          nicolae_shop_behind_doors
D:8:      layout_loops_cross, marbit_many_paths, hangedman_ranch
          [blue_anna_fruit_fields], minmay_fountain_box, grunt_gozag_statues,
          uniq_pikel
D:9:      layout_big_octagon, elyvilon_altar_3, dpeg_lair_monsters,
          serial_shops, nicolae_shop_crystal, st_stairs_4,
          kennysheep_pointless_box, kennysheep_big_empty_room

Skill      XL: |  1  2  3  4  5  6  7  8  9 10 |
---------------+-------------------------------+-----
Axes           | 4 5 6 7 8 9 11 13 16 | 16.2
Fighting       | 7 |  7.1
Armour         | 6 |  6.5
Dodging        | |  2.1

Action                   |  1- 3 |  4- 6 |  7- 9 | 10-12 || total
-------------------------+-------+-------+-------+-------++-------
Melee: Hand axe          |    79 |   223 |   177 |       ||   479
       Headbutt          |    14 |    30 |    41 |    15 ||   100
       War axe           |       |       |    83 |    64 ||   147
Invok: Berserk           |       |     1 |     6 |     1 ||     8
       Brothers in Arms  |       |       |       |     1 ||     1
  Use: Potion            |     7 |     3 |     1 |     1 ||    12
       Scroll            |     3 |     3 |     3 |       ||     9
 Stab: Sleeping          |     1 |       |       |       ||     1
       Invisible         |       |     1 |       |       ||     1
  Eat: Chunk             |       |     4 |     9 |       ||    13
       Ration            |       |     1 |     2 |       ||     3
Armor: Animal skin       |     1 |       |       |       ||     1
       Scale mail        |    20 |    79 |    58 |       ||   157
       Plate armour      |       |       |    30 |    22 ||    52
Dodge: Dodged            |    35 |    92 |    77 |    14 ||   218
Block: Buckler           |       |       |     5 |    17 ||    22
